 Dungeon Crawl Stone Soup version 0.23.2 (webtiles) character file.

Game seed: 6549564054962305154

90 nebel the Twirler (level 4, -3/28 HPs)
             Began as a Gargoyle Gladiator on Apr 7, 2019.
             Killed by divine providence
             ... invoked by an orc priest
              (13 damage)
             ... on level 3 of the Dungeon.
             The game lasted 00:04:03 (1796 turns).

nebel the Twirler (Gargoyle Gladiator)              Turns: 1796, Time: 00:04:03

Health: -3/28      AC: 15    Str: 18    XL:     4   Next: 56%
Magic:  0/4        EV:  5    Int:  9    God:
Gold:   69         SH:  0    Dex: 11    Spells: 3/3 levels left

rFire    . . .     SeeInvis +   a - +0 quarterstaff
rCold    . . .     Gourm    .   (shield currently unavailable)
rNeg     + . .     Faith    .   i - +0 plate armour
rPois    ∞         Spirit   +   c - +0 helmet
rElec    +         Reflect  .   (no cloak)
rCorr    .         Harm     .   (no gloves)
MR       .....                  o - +0 pair of boots {Fly}
Stlth    ..........             j - amulet of guardian spirit
HPRegen  0.09/turn              e - ring of see invisible
MPRegen  0.09/turn              (no ring)

@: flying
A: negative energy resistance 1, electricity resistance, unbreathing,
petrification resistance, rot immunity, AC +3
a: Stop Flying


You were on level 3 of the Dungeon.
You were not hungry.

You visited 1 branch of the dungeon, and saw 3 of its levels.

You collected 69 gold pieces.

Inventory:

Hand Weapons
 a - a +0 quarterstaff (weapon)
Missiles
 d - 3 throwing nets (quivered)
Armour
 c - a +0 helmet (worn)
 i - a +0 plate armour (worn)
 o - a +0 pair of boots of flying (worn)
Jewellery
 e - a ring of see invisible (left hand)
 j - an amulet of guardian spirit (around neck)
Scrolls
 l - a scroll of teleportation {unknown}
 m - 4 scrolls of identify
 p - 2 scrolls of immolation {unknown}
 r - a scroll of blinking {unknown}
Potions
 b - a potion of agility {unknown}
 h - a potion of brilliance
 k - 2 potions of curing {unknown}
 n - a potion of heal wounds {unknown}
Comestibles
 f - 5 rations


   Skills:
 + Level 3.0 Fighting
 + Level 4.8 Staves
 - Level 1.7 Throwing
 - Level 2.4 Dodging


You had 3 spell levels left.
You didn't know any spells.
Your spell library contained the following spells:

 Spells                   Type           Power        Failure   Level  Hunger
 Animate Skeleton         Necr           N/A          100%        1    ##.....
 Apportation              Tloc           #.....       100%        1    ##.....
 Confusing Touch          Hex            #.....       100%        1    ##.....
 Summon Small Mammal      Summ           #...         100%        1    ##.....
 Call Imp                 Summ           #.......     100%        2    ###....
 Call Canine Familiar     Summ           #.......     100%        3    ####...
 Summon Guardian Golem    Hex/Summ       #.......     100%        3    ####...
 Summon Ice Beast         Ice/Summ       #.......     100%        4    #####..
 Summon Lightning Spire   Summ/Air       #.......     100%        4    #####..


Dungeon Overview and Level Annotations

Branches:
Dungeon (3/15)

Altars:
Fedhas

Annotations:
D:2 2 transporters


Innate Abilities, Weirdness & Mutations

You are resistant to torment.
Your stone body is resilient. (AC +3)
You are immune to poison.
You resist negative energy. (rN+)
You are resistant to electric shocks. (rElec)
You can survive without breathing.
You are immune to petrification.
You are immune to rotting.


Message History

The orc hits you but does no damage.
You closely miss the orc.
The orc is moderately wounded.
The orc hits you with a +0 war axe.
You hit the orc.
The orc is almost dead.
The orc hits you but does no damage.
You sock the orc!
You kill the orc!
The rat bites you.
You hit the rat.
You kill the rat!
Your plate armour prevents you from hitting the orc priest.
The orc priest invokes the aid of Beogh against you.
Beogh smites you!
You thump the orc priest!
The orc priest is severely wounded.
The orc priest mumbles some strange prayers to Beogh against you.
Beogh smites you!
You die...

.......# ....#.#
.....## .....##
..... ... #.# #..
#####o# # #.#..#
#...)@# #.#.#..#
#.##### #.#.#..# #.#
#......# #.#######
##......###........
#...........##.####
#.................
#.......##########
##..........########


You could see an orc priest.

Vanquished Creatures
  4 adders
  5 dart slugs
  A leopard gecko (D:2)
  2 orcs (D:3)
  13 bats
  3 giant cockroaches (D:1)
  3 goblins
  3 hobgoblins
  2 quokkas (D:2)
  2 frilled lizards
  5 rats
43 creatures vanquished.

Notes
Turn   | Place    | Note
-------+----------+-------------------------------------------
     0 | D:1      | nebel the Gargoyle Gladiator began the quest for the Orb.
     0 | D:1      | Reached XP level 1. HP: 12/12 MP: 1/1
   117 | D:1      | Reached XP level 2. HP: 17/18 MP: 2/2
   719 | D:1      | Reached XP level 3. HP: 22/22 MP: 3/3
   877 | D:1      | Reached skill level 4 in Staves
  1009 | D:2      | Found a blossoming altar of Fedhas.
  1009 | D:2      | Noticed a hippogriff
  1009 | D:2      | Noticed a bullfrog
  1010 | D:2      | Found a transporter.
  1014 | D:2      | Noticed a bullfrog
  1020 | D:2      | Found a transporter.
  1208 | D:2      | Reached XP level 4. HP: 23/27 MP: 2/4
  1796 | D:3      | Killed from afar by an orc priest

Skill      XL: |  1  2  3  4 |
---------------+-------------+-----
Staves         | 4 |  4.8
Fighting       | 3 |  3.0
Throwing       | |  1.7
Dodging        | |  2.4

Action                   |  1- 3 |  4- 6 || total
-------------------------+-------+-------++-------
Melee: Quarterstaff      |    97 |    59 ||   156
  Use: Scroll            |     2 |       ||     2
       Potion            |     2 |       ||     2
  Eat: Chunk             |     1 |     2 ||     3
Armor: Leather armour    |    11 |       ||    11
       Plate armour      |    66 |    70 ||   136
Dodge: Dodged            |    40 |    25 ||    65
